Map: [ESL] Moondance

Players

MaNa

  • Race: Protoss Protoss
  • Spawn Location: 6:00

Bunny - Winner!

  • Race: Terran Terran
  • Spawn Location: 12:00

Event: DreamHack SC2 Masters 2022 Valencia

VOD

Have the link to the VOD?

Description

Time

  • Played on: July 1, 2022, 1:21 p.m.
  • Length: 4:58

All games in this series

Show
View Real Time Build Order
Export as new Build Order

MaNa Protoss 

Build Orders: 1 Gate Expand, Blink Stalkers 

Get SALT Encoding   

  12  0:00  Probe  
  13  0:12  Probe  
  14  0:17  Pylon  
  14  0:24  Probe (Chrono Boost)  
  16  0:36  Gateway  
  16  0:37  Probe (Chrono Boost)  
  16  0:42  Probe (Chrono Boost)  
  16  0:45  Assimilator  
  17  0:51  Probe  
  18  1:03  Probe  
  19  1:15  Probe  
  20  1:24  Cybernetics Core  
  20  1:31  Nexus  
  20  1:37  Pylon  
  20  1:41  Probe  
  21  1:47  Assimilator  
  21  1:54  Probe  
  22  2:00  Adept (Chrono Boost)  
  22  2:04  Warp Gate  
  22  2:06  Probe  
  25  2:18  Probe  
  25  2:22  Stalker (Chrono Boost)  
  26  2:30  Probe  
  26  2:34  Twilight Council  
  27  2:42  Probe  
  27  2:52  Stalker  
  27  2:54  Probe x2  
  31  3:06  Probe x2  
  31  3:11  Blink (Chrono Boost)  
  33  3:18  Probe x2  
  35  3:30  Probe x2  
  35  3:31  Robotics Facility  
  37  3:42  Probe  
  37  3:44  Probe  
  37  3:45  Gateway  
  39  3:55  Probe  
  40  3:56  Gateway  
  40  4:02  Probe, Gateway  
  41  4:07  Stalker, Probe  
  44  4:12  Pylon  
  45  4:18  Warp Prism (Chrono Boost)  
  46  4:29  Pylon  
  46  4:30  Probe  
  47  4:34  Probe  
  48  4:38  Stalker  
  48  4:42  Probe  
Show
View Real Time Build Order
Export as new Build Order

Bunny Terran - Winner!

Build Orders: Reaper Expand 

Get SALT Encoding   

  12  0:00  SCV  
  13  0:12  SCV  
  14  0:17  Supply Depot  
  14  0:24  SCV  
  15  0:39  SCV  
  15  0:40  Barracks  
  16  0:43  Refinery  
  16  0:51  SCV  
  17  1:03  SCV  
  18  1:15  SCV  
  19  1:27  Orbital Command, Reaper  
  20  1:39  Command Center  
  20  1:50  Bunker  
  20  1:54  Supply Depot  
  20  1:59  SCV  
  21  2:02  Marine  
  22  2:11  SCV  
  23  2:16  Factory  
  23  2:23  SCV  
  23  2:24  Barracks Reactor  
  24  2:35  Refinery, SCV  
  25  2:47  SCV  
  26  2:51  Orbital Command  
  26  2:59  SCV  
  26  3:00  Hellion, Starport  
  26  3:03  Marine x2  
  30  3:11  SCV  
  31  3:21  Marine x2, Widow Mine  
  31  3:23  SCV  
  31  3:24  SCV  
  37  3:32  Supply Depot  
  36  3:35  SCV  
  36  3:36  SCV  
  36  3:38  Medivac  
  40  3:41  Marine  
  40  3:43  Widow Mine  
  40  3:44  Marine  
  40  3:48  SCV  
  45  3:52  SCV  
  46  3:59  Barracks  
  46  4:00  SCV  
  46  4:03  Marine x2  
  46  4:04  Bunker, SCV  
  46  4:06  Factory Tech Lab  
  46  4:08  Starport Tech Lab  
  49  4:11  Supply Depot  
  49  4:12  SCV  
  49  4:16  SCV  
  51  4:21  Marine x2  
  54  4:24  SCV  
  54  4:33  SCV  
  54  4:34  Refinery  
  54  4:35  Engineering Bay  
  57  4:38  Marine  
  57  4:39  Marine  
  57  4:43  Barracks  

Tags
 
Add a new tag
Caveats
  • Supply blocks, unpowered buildings, or Contaminate may cause inaccurate times.
  • Supply counts are checked every 10 seconds.